 Dungeon Crawl Stone Soup version 0.19.0-9-gfd783f2 (webtiles) character file.

114 mistymad the Ruffian (level 4, -1/38 HPs)
             Began as a Naga Transmuter on Nov 7, 2016.
             Slain by a gnoll
             ... wielding a +0 spear
              (10 damage)
             ... on level 2 of the Dungeon.
             The game lasted 00:03:45 (2137 turns).

mistymad the Ruffian (Naga Transmuter)              Turns: 2137, Time: 00:03:46

Health: -1/38      AC:  2    Str: 13    XL:     4   Next: 98%
Magic:  2/8        EV: 19    Int: 14    God:
Gold:   0          SH:  0    Dex: 16    Spells: 3 memorised, 3 levels left

rFire  . . .     SeeInvis +       - Unarmed
rCold  . . .     Gourm    .     (armour currently unavailable)
rNeg   . . .     Faith    .     (shield currently unavailable)
rPois  x         Spirit   .     (helmet currently unavailable)
rElec  .         Reflect  .     (cloak currently unavailable)
rCorr  .         Harm     .     (gloves currently unavailable)
MR     .....                    (no barding)
Stlth  +.........               (no amulet)
                                (no ring)
                                (no ring)

@: short of breath, spider-form
A: see invisible, (deformed body), (poison resistance), (slowness 0), slow
metabolism 1, spit poison 1, AC +1
a: Spit Poison, End Transformation


You were on level 2 of the Dungeon.
You were not hungry.
You were a venomous arachnid creature.
You visited 1 branch of the dungeon, and saw 2 of its levels.

Inventory:

Missiles
 a - 12 arrows
Armour
 b - a +0 robe (melded)
 f - a +0 pair of gloves
Jewellery
 k - an uncursed amulet of faith
Scrolls
 g - a scroll of blinking {unknown}
 h - a scroll of remove curse {unknown}
 i - 2 scrolls of identify {unknown}
 j - a scroll of amnesia {unknown}
Potions
 e - a potion of ambrosia {unknown}
Books
 c - a book of Changes

   Spells                             Type                      Level
   a - Beastly Appendage              Transmutation                1
   b - Sticks to Snakes               Transmutation                2
   c - Spider Form                    Transmutation/Poison         3
   d - Ice Form                       Ice/Transmutation            4
   e - Blade Hands                    Transmutation                5
Comestibles
 d - a bread ration


   Skills:
 - Level 1.0 Fighting
 - Level 1.5 Dodging
 + Level 4.1 Unarmed Combat
 + Level 3.0 Spellcasting
 + Level 3.1 Transmutations


You had 3 spell levels left.
You knew the following spells:

 Your Spells              Type           Power        Failure   Level  Hunger
a - Beastly Appendage     Tmut           ##....       24%         1    #......
b - Sticks to Snakes      Tmut           ##......     28%         2    ##.....
c - Spider Form           Tmut/Pois      #.........   61%         3    ###....


Dungeon Overview and Level Annotations

Branches:
Dungeon (2/15)

Altars:


Innate Abilities, Weirdness & Mutations

You cannot wear boots.
((Your serpentine skin is tough. (AC +1)))
You have supernaturally acute eyesight. (SInv)
((Armour fits poorly on your strangely shaped body.))
((Your system is resistant to poisons. (rPois)))
((You cover ground very slowly.))
You have a slow metabolism.
You can spit poison.


Message History

You feel slightly more hungry.
The gnoll hits you from afar with a spear.
The gnoll closely misses you.
You take 2 damage, and have 14/38 hp.
Casting: Spider Form
Confirm with . or Enter, or press ? or * to list all spells.
You turn into a venomous arachnid creature.
Your +0 robe melds into your body.
The gnoll misses you. The gnoll closely misses you.
A hobgoblin comes into view.
You now have 2/8 mp.
You barely miss the gnoll.
The gnoll hits you from afar with a spear.
* * * LOW HITPOINT WARNING * * *
The hobgoblin moves out of view.
The gnoll barely misses you.
You take 5 damage, and have 9/38 hp.
Unknown command.
You barely miss the gnoll.
The gnoll hits you from afar with a spear!
You die...

#.............##
##...........##
###.#..###### #.##.<#
#.##..#### #
#.##.....#### ...
##...>........
#.g.######...#(####....
#.ggs?.†..##.# ###.
##..#####.##.# #....
#....# ....### $..###
.## ...# ##..# .... )##


You could see 3 gnolls.

Vanquished Creatures
  5 gnolls (D:2)
  2 adders (D:2)
  An ooze (D:1)
  A worm (D:2)
  2 dart slugs (D:1)
  3 giant cockroaches (D:1)
  3 goblins
  4 hobgoblins
  4 kobolds
  2 quokkas (D:2)
  A ball python (D:2)
  4 bats
  10 frilled lizards (D:1)
  4 rats
46 creatures vanquished.

Notes
Turn   | Place    | Note
-------+----------+-------------------------------------------
     0 | D:1      | mistymad the Naga Transmuter began the quest for the Orb.
     0 | D:1      | Reached XP level 1. HP: 18/18 MP: 3/3
    85 | D:1      | Reached XP level 2. HP: 21/25 MP: 3/5
  1051 | D:1      | Reached XP level 3. HP: 18/31 MP: 3/6
  1712 | D:2      | Learned a level 2 spell: Sticks to Snakes
  1724 | D:2      | HP: 1/31 [poisoned by an adder]
  1731 | D:2      | Reached XP level 4. HP: 13/38 MP: 6/8
  1939 | D:2      | Learned a level 3 spell: Spider Form
  1959 | D:2      | Reached skill level 4 in Unarmed Combat
  2137 | D:2      | Slain by a gnoll

Skill      XL: |  1  2  3  4 |
---------------+-------------+-----
Unarmed Combat | 4 |  4.1
Spellcasting   | 3 |  3.0
Transmutations | 3 |  3.1
Fighting       | |  1.0
Dodging        | |  1.5

Action                   |  1- 3 |  4- 6 || total
-------------------------+-------+-------++-------
Melee: Unarmed           |   121 |    34 ||   155
       Headbutt          |    10 |       ||    10
       Punch             |     1 |       ||     1
 Cast: Beastly Appendage |    16 |       ||    16
       Spider Form       |       |     5 ||     5
 Abil: Spit Poison       |     9 |     3 ||    12
  Use: Potion            |     2 |       ||     2
 Stab: Sleeping          |     1 |       ||     1
  Eat: Chunk             |     2 |     2 ||     4
Armor: Robe              |    20 |       ||    20
Dodge: Dodged            |    75 |    27 ||   102
